 Dungeon Crawl Stone Soup version 0.20-a0-1015-g2ec8a95 (webtiles) character file.

67166 4thArraOfDagon the Grappler (level 15, 0/105 HPs)
             Began as a Gnoll Wanderer on Apr 15, 2017.
             Was a High Priest of Cheibriados.
             Shot with an arrow by a deep elf master archer (34 damage)
             ... on level 3 of the Elven Halls.
             The game lasted 00:54:31 (9570 turns).

4thArraOfDagon the Grappler (Gnoll Wanderer)        Turns: 9570, Time: 00:54:32

Health: 0/105      AC: 30    Str: 36    XL:     15   Next: 22%
Magic:  20/20      EV: 15    Int: 36    God:    Cheibriados [*****.]
Gold:   726        SH: 19    Dex: 29    Spells: 14/20 levels left

rFire    + . .     SeeInvis .     - Unarmed
rCold    + + .     Gourm    .   E - +2 shield {rPois}
rNeg     . . .     Faith    .   x - +5 crystal plate armour
rPois    +         Spirit   .   Z - +1 hat {MR+}
rElec    .         Reflect  +   O - scarf "Tuyvoat" {Regen+ Str+3 Int+2}
rCorr    .         Harm     .   m - +1 pair of gloves
MR       +++..     NoTele   +   R - +0 pair of boots {Fly}
Stlth    ..........             v - amulet "Cacog" {Reflect +Inv rC+ Int+6 SH+2}
Regen    1.1/turn               C - ring of Fiompyn {-Tele rC+ MR++}
MPRegen  0.2/turn               t - +5 ring of dexterity

@: mighty, flying, very slow
A: short attention span, fangs 1, fire resistance 1, frail 1, low mp 1,
regeneration 1, strong nose
a: Bend Time, Temporal Distortion, Slouch, Step From Time, Renounce Religion,
Evoke Invisibility, Stop Flying


You were on level 3 of the Elven Halls.
You worshipped Cheibriados.
Cheibriados was extremely pleased with you.
You were very full.

You visited 4 branches of the dungeon, and saw 21 of its levels.
You visited the Abyss 1 time.
You also visited: Labyrinth, Ossuary, Bailey and Ice Cave.

You collected 2086 gold pieces.
You spent 1360 gold pieces at shops.

Inventory:

Armour
 f - a +0 plate armour of fire resistance
 m - a +1 pair of gloves (worn)
 p - the cursed +0 robe of Watchfulness {Str+3, unknown}
   (You found it in a labyrinth)

   It affects your strength (+3).
   It has a curse placed upon it.
 x - a +5 crystal plate armour (worn)
 E - a +2 shield of poison resistance (worn)
 O - the scarf "Tuyvoat" (worn) {Regen+ Str+3 Int+2}
   (You acquired it on level 9 of the Dungeon)

   It affects your strength (+3).
   It affects your intelligence (+2).
   It increases your rate of regeneration.
 R - a +0 pair of boots of flying (worn)
 Z - a +1 hat of magic resistance (worn)
Magical Staves
 Q - an uncursed staff of wizardry {!a}
Jewellery
 t - a +5 ring of dexterity (right hand)
 v - the amulet "Cacog" (around neck) {Reflect +Inv rC+ Int+6 SH+2}
   (You bought it in a shop on level 2 of the Orcish Mines)

   [amulet of reflection]

   It shields you and reflects attacks.
   It affects your intelligence (+6).
   It protects you from cold.
   It lets you turn invisible.
   It affects your SH (+2).
 C - the ring of Fiompyn (left hand) {-Tele rC+ MR++}
   (You found it on level 4 of the Dungeon)

   [ring of protection from cold]

   It protects you from cold.
   It affects your resistance to hostile enchantments.
   It prevents most forms of teleportation.
 F - an uncursed ring of wizardry
 V - an uncursed ring of positive energy {unknown}
Wands
 c - a wand of confusion (23/48)
 s - a wand of confusion (38/48)
 B - a wand of digging (16/24)
 G - a wand of confusion (33/48)
 H - a wand of lightning (5/15)
 N - a wand of iceblast (3/15)
 T - a wand of acid (11/15)
 U - a wand of acid (2/15)
Scrolls
 a - 3 scrolls of fear
 d - 6 scrolls of teleportation
 j - 2 scrolls of immolation
 n - 2 scrolls of blinking
 q - a scroll of recharging
 w - a scroll of random uselessness {unknown}
 y - 2 scrolls of magic mapping
 J - 3 scrolls of holy word {unknown}
 K - 4 scrolls of remove curse
 L - a scroll of fog
 S - 4 scrolls of enchant weapon {unknown}
 X - 2 scrolls of amnesia
Potions
 b - 4 potions of ambrosia
 e - 2 potions of heal wounds
 h - a potion of flight
 i - 7 potions of might
 k - 7 potions of curing
 o - 7 potions of lignification
 r - 3 potions of degeneration
 u - 3 potions of cancellation
 z - 8 potions of brilliance
 A - 3 potions of haste
 D - a potion of agility
 I - a potion of berserk rage
 P - 2 potions of resistance
 W - 2 potions of mutation
Comestibles
 g - 13 bread rations
 l - 8 meat rations
 M - a fruit


   Skills:
 + Level 10.7 Fighting
 - Level 1.5 Throwing
 + Level 10.5 Armour
 + Level 10.8 Dodging
 - Level 2.6 Stealth
 - Level 10.1 Shields
 * Level 12.5 Unarmed Combat
 - Level 3.2 Spellcasting
   Level 1.5 Poison Magic
 - Level 10.0 Invocations


You had 14 spell levels left.
You knew the following spells:

 Your Spells              Type           Power        Failure   Level  Hunger
a - Deflect Missiles      Chrm/Air       #.........   100%        6    #######


Dungeon Overview and Level Annotations

Branches:
Dungeon (15/15)            Temple (1/1) D:5            Lair (0/6) D:11
    Orc (2/2) D:11            Elf (3/3) Orc:2        Vaults (0/5) D:13
 Depths (0/5) D:15

Altars:
Ashenzari
Cheibriados
Elyvilon
Fedhas
Gozag
Hepliaklqana
Kikubaaqudgha
Makhleb
Okawaru
Qazlal
Ru
Sif Muna
Trog
Uskayaw
Vehumet
Wu Jian
Xom
Zin
The Shining One
Beogh

Shops:
D:6 %   Orc:1 !   Orc:2 *=!=([   Elf:2 ((=

Annotations:
D:2 Terence
D:3 dobroeutro's ghost, amateur GrFi
Elf:2 Saint Roka


Innate Abilities, Weirdness & Mutations

You have a short attention span.
You have very sharp teeth.
Your uncanny sense of smell can sniff out nearby items.
Your flesh is heat resistant. (rF+)
You are frail. (-10% HP)
Your magical capacity is low. (-10% MP)
Your natural rate of healing is unusually fast.


Message History

Cheibriados thoroughly appreciates the change of pace.
You feel your intelligence returning.
A deep elf master archer comes into view.
You closely miss the deep elf master archer.
You bite the deep elf master archer!
The deep elf master archer is lightly wounded.
You block the chaos spawn's attack.
Unknown command.
You completely miss the deep elf master archer.
Your bite misses the deep elf master archer.
The deep elf master archer is lightly wounded.
The deep elf master archer wields a longbow.
The deep elf master archer shoots an arrow.
The arrow hits you! You block the chaos spawn's attack.
Unknown command.
You pummel the deep elf master archer!! You bite the deep elf master archer!
The deep elf master archer is heavily wounded.
The deep elf master archer shoots an arrow.
The arrow hits you!!
You die...

*,,,,,***,,,,,**#.#***,* *,,,,##
**,,,** #.# ##+## *****#.# ***+*
#.###...## ***** #.# #,*
#.##.....## +,,,* #.#
#.####.##......# ***,*
#.##......##......# * *,*
#)##*#...<'.....#* *,*
##4###.####....## **+****
##@#..#####..## *,,,,,* ##e#...#
##'#
*,,,***********####..#**###*****
**,,,***∆∆**∆∆**∆∆**..#*∆∆**∆∆**∆
,+,,,**∆∆∆∆∆∆∆∆∆∆∆∆*..#∆∆∆∆∆∆∆∆∆∆
**,,,**∆∆∆∆∆∆∆∆∆∆∆∆*..#∆∆∆∆∆∆∆∆∆∆
**,,**,∆∆**∆∆**∆∆**..#*∆∆**∆∆**∆
**+**+************e.#**********
*,**,***,***,***,e..***,***,**


You could see a deep elf master archer and a chaos spawn.

Vanquished Creatures
  Rupert (D:15)
  A deep elf blademaster (Elf:3)
  Agnes (D:14)
  A deep elf sorcerer (Elf:3)
  2 orc warlords
  A minotaur (Lab)
  2 blizzard demons (IceCv)
  A yaktaur captain (D:13)
  Harold (Orc:1)
  A hydra (D:13)
  2 centaur warriors
  Erica (Orc:1)
  6 dancing weapons
  5 two-headed ogres
  3 tengu warriors
  2 deep elf knights (Elf:2)
  A skeletal warrior (D:14)
  2 unseen horrors
  6 orc knights
  A deep elf archer (Elf:2)
  10 deep elf magi
  Pikel (D:8)
  A centaur zombie (D:15)
  5 orc sorcerers
  4 manticores
  A salamander (shapeshifter) (D:14)
  An ugly thing (D:12)
  3 cyclopes
  An ice statue (IceCv)
  Maurice (D:8)
  2 centaur skeletons
  2 gargoyles
  Psyche (D:12)
  7 yaktaurs
  2 kobold demonologists (D:14)
  An anaconda simulacrum (IceCv)
  4 freezing wraiths
  A tengu conjurer (D:14)
  A golden dragon simulacrum (IceCv)
  4 ice devils (IceCv)
  4 trolls
  7 slime creatures (D:12)
  A hippogriff (D:12)
  3 dire elephant simulacra (IceCv)
  A vampire (D:13)
  2 shadows
  16 yaks
  2 redbacks (Lab)
  A wraith (D:13)
  A water elemental (Elf:1)
  A wyvern (D:14)
  An air elemental (Elf:1)
  A basilisk (D:13)
  2 hungry ghosts
  A neqoxec (Abyss:2)
  Menkaure (Ossuary)
  A death yak simulacrum (IceCv)
  2 harpy simulacra (IceCv)
  5 wargs (Orc:2)
  3 iron troll simulacra (IceCv)
  A soldier ant (D:14)
  A water moccasin (D:7)
  5 hydra simulacra (IceCv)
  4 porcupines (D:11)
  A sky beast (D:9)
  35 orc warriors
  2 black bears (D:10)
  2 ice beasts (D:11)
  An eye of draining (D:12)
  6 ogres
  A phantom (D:11)
  3 centaurs
  2 crocodiles
  A big kobold (D:14)
  8 bullfrogs
  3 earth elementals
  8 scorpions
  A swamp dragon simulacrum (IceCv)
  An elephant simulacrum (IceCv)
  4 wights (D:10)
  3 killer bees (D:12)
  5 howler monkeys
  5 crimson imps
  4 draconian simulacra (IceCv)
  4 jellies
  A quasit (D:7)
  5 hounds
  12 orc wizards
  16 orc priests
  A bullfrog skeleton (D:13)
  3 iguanas
  Ijyb (D:3)
  Natasha (thrice) (D:2)
  2 spriggan simulacra (IceCv)
  2 troll simulacra (IceCv)
  13 worker ants
  A polar bear simulacrum (IceCv)
  A wolf simulacrum (IceCv)
  2 centaur simulacra (IceCv)
  A hound skeleton (D:7)
  A mummy (Ossuary)
  2 worker ant zombies
  19 gnolls
  4 naga simulacra (IceCv)
  10 adders
  2 ogre simulacra (IceCv)
  6 shadow imps
  4 white imps (IceCv)
  3 ufetubi (IceCv)
  2 oozes
  An adder zombie (D:8)
  An adder skeleton (D:6)
  5 worms
  A dart slug (D:3)
  6 leopard geckos
  95 orcs
  4 giant cockroaches
  4 gnoll zombies (Ossuary)
  16 hobgoblins
  6 jackals
  4 kobolds
  2 quokkas
  2 ball pythons
  8 bats
  7 frilled lizards
  2 gnoll skeletons (Ossuary)
  20 goblins
  4 goblin skeletons (Ossuary)
  A goblin zombie (Ossuary)
  3 hobgoblin skeletons (Ossuary)
  A hobgoblin zombie (Ossuary)
  A jackal zombie (D:5)
  A kobold skeleton (Ossuary)
  A kobold zombie (Ossuary)
  A leopard gecko skeleton (D:7)
  2 orc skeletons (Ossuary)
  3 orc zombies (Ossuary)
  10 rats
  2 rat skeletons (Ossuary)
  7 rat zombies (Ossuary)
  A plant (D:5)
600 creatures vanquished.

Vanquished Creatures (others)
  A deep elf annihilator (Elf:3)
  A centaur warrior (D:14)
  A cyclops (Orc:2)
  2 slaves (D:8)
  2 orc wizards (D:12)
  A worker ant (D:8)
  2 mummies (Ossuary)
  3 white imps (IceCv)
  4 ufetubi (IceCv)
  An orc (D:8)
  2 gnoll zombies (Ossuary)
  2 gnoll skeletons (Ossuary)
  2 goblin skeletons (Ossuary)
  2 goblin zombies (Ossuary)
  2 hobgoblin skeletons (Ossuary)
  A hobgoblin zombie (Ossuary)
  2 kobold skeletons (Ossuary)
  A kobold zombie (Ossuary)
  An orc skeleton (Ossuary)
  2 rat skeletons (Ossuary)
  2 rat zombies (Ossuary)
  15 fungi
  3 plants
  2 withered plants (D:15)
57 creatures vanquished.

Grand Total: 657 creatures vanquished

Notes
Turn   | Place    | Note
-------+----------+-------------------------------------------
     0 | D:1      | 4thArraOfDagon the Gnoll Wanderer began the quest for the Orb.
     0 | D:1      | 4thArraOfDagon set off with: a scroll of fear, a potion of berserk rage, a +0 falchion, a scroll of teleportation, a +0 robe, a +0 dagger, a bread ration
     0 | D:1      | Reached XP level 1. HP: 15/15 MP: 4/4
    55 | D:2      | Noticed Terence
   183 | D:3      | Noticed dobroeutro's ghost (amateur GrFi)
   377 | D:4      | Noticed a worker ant
   411 | D:4      | Killed a worker ant
   411 | D:4      | Reached skill level 5 in Unarmed Combat
   411 | D:4      | Reached XP level 2. HP: 11/21 MP: 6/6
   411 | D:4      | Reached XP level 3. HP: 14/26 MP: 7/7
   418 | D:5      | Entered Level 5 of the Dungeon
   426 | D:5      | Found a staircase to the Ecumenical Temple.
   429 | D:5      | HP: 1/26 [leopard gecko (5)]
   430 | Temple   | Entered the Ecumenical Temple
   495 | Temple   | Became a worshipper of Cheibriados the Contemplative
   561 | D:5      | Reached skill level 1 in Invocations
   561 | D:5      | Reached XP level 4. HP: 15/33 MP: 8/8
   638 | D:5      | Reached skill level 6 in Unarmed Combat
   679 | D:4      | Reached XP level 5. HP: 19/39 MP: 9/9
   714 | D:4      | Found a sand-covered staircase.
   717 | Ossuary  | Entered an ossuary
   751 | Ossuary  | Reached * piety under Cheibriados
   982 | Ossuary  | Noticed Menkaure
   992 | Ossuary  | Killed Menkaure
  1092 | D:4      | Reached XP level 6. HP: 47/47 MP: 10/10
  1120 | D:3      | Noticed Ijyb
  1135 | D:3      | Reached ** piety under Cheibriados
  1154 | D:3      | Killed Ijyb
  1211 | D:2      | Noticed Natasha
  1218 | D:2      | Killed Natasha
  1218 | D:2      | Reached skill level 7 in Unarmed Combat
  1666 | D:2      | Found an ornate altar of the Wu Jian Council.
  1790 | D:2      | Noticed Natasha
  1800 | D:2      | Killed Natasha
  1805 | D:2      | Noticed Natasha
  1828 | D:2      | Killed Natasha
  1937 | D:1      | Reached *** piety under Cheibriados
  2103 | D:3      | Reached XP level 7. HP: 46/53 MP: 11/11
  2140 | D:4      | Reached skill level 1 in Armour
  2363 | D:4      | Reached skill level 8 in Unarmed Combat
  2386 | D:4      | Identified the ring of Fiompyn {-Tele rC+ MR++} (You found it on level 4 of the Dungeon)
  2504 | D:5      | Reached **** piety under Cheibriados
  2515 | D:5      | Reached skill level 5 in Dodging
  2515 | D:5      | Reached skill level 5 in Invocations
  2515 | D:5      | Reached XP level 8. HP: 50/61 MP: 12/12
  2640 | D:6      | Found Furchi's Food Emporium.
  2760 | D:6      | Reached skill level 5 in Fighting
  2865 | D:6      | Got a twisted short sword
  3027 | D:7      | Reached ***** piety under Cheibriados
  3027 | D:7      | Reached skill level 9 in Unarmed Combat
  3161 | D:7      | Reached XP level 9. HP: 63/69 MP: 13/13
  3171 | D:7      | Reached skill level 5 in Armour
  3270 | D:8      | Noticed Maurice
  3291 | D:8      | Killed Maurice
  3438 | D:8      | Noticed a two-headed ogre
  3452 | D:8      | Killed a two-headed ogre
  3456 | D:8      | Got a transparent mace
  3458 | D:8      | Noticed Pikel
  3490 | D:8      | Killed Pikel
  3490 | D:8      | Reached skill level 10 in Unarmed Combat
  3490 | D:8      | Reached XP level 10. HP: 57/80 MP: 15/15
  3509 | D:8      | Noticed a two-headed ogre
  3524 | D:8      | Killed a two-headed ogre
  3662 | D:9      | Gained mutation: You have a somewhat thin skeletal structure. (Dex +2, Stealth) [potion of mutation]
  3662 | D:9      | Gained mutation: You possess an exceptional clarity of mind. [potion of mutation]
  3663 | D:9      | Lost mutation: You possess an exceptional clarity of mind. [potion of mutation]
  3663 | D:9      | Lost mutation: You have a somewhat thin skeletal structure. (Dex +2, Stealth) [potion of mutation]
  3663 | D:9      | Gained mutation: Your flesh is heat resistant. (rF+) [potion of mutation]
  3663 | D:9      | Gained mutation: Your natural rate of healing is unusually fast. [potion of mutation]
  3733 | D:9      | Found a flagged portal.
  3751 | D:9      | Got a slimy hand axe
  3754 | Bailey   | Entered a bailey
  3954 | Bailey   | Reached ****** piety under Cheibriados
  4030 | Bailey   | Noticed an orc knight
  4030 | Bailey   | Noticed an orc warlord
  4041 | Bailey   | Killed an orc knight
  4046 | Bailey   | Killed an orc warlord
  4046 | Bailey   | Reached XP level 11. HP: 50/87 MP: 17/17
  4094 | Bailey   | Got an iridescent shortbow
  4129 | D:9      | Identified 2 scrolls of acquirement
  4130 | D:9      | Got a polished scarf
  4136 | D:9      | Identified the scarf "Tuyvoat" {Regen+ Str+3 Int+2} (You acquired it on level 9 of the Dungeon)
  4137 | D:9      | Got a slimy scale mail
  4148 | D:9      | Identified the +0 scale mail of Konin {Int+3 SInv Stlth-} (You acquired it on level 9 of the Dungeon)
  4257 | D:9      | Noticed a two-headed ogre
  4264 | D:9      | Killed a two-headed ogre
  4372 | D:10     | Entered Level 10 of the Dungeon
  4597 | D:11     | Found a staircase to the Lair.
  4658 | D:11     | Reached skill level 11 in Unarmed Combat
  4767 | D:11     | Noticed a cyclops
  4768 | D:11     | Killed an unseen horror
  4775 | D:11     | Killed a cyclops
  4790 | D:11     | Noticed a cyclops
  4798 | D:11     | Killed a cyclops
  4841 | D:11     | Found a hide-covered altar of Uskayaw.
  4867 | D:11     | Found a staircase to the Orcish Mines.
  4940 | Orc:1    | Entered Level 1 of the Orcish Mines
  4995 | Orc:1    | Noticed Harold
  5010 | Orc:1    | Killed Harold
  5010 | Orc:1    | Reached XP level 12. HP: 86/95 MP: 18/18
  5021 | Orc:1    | Noticed Erica
  5033 | Orc:1    | Killed Erica
  5068 | Orc:2    | Entered Level 2 of the Orcish Mines
  5068 | Orc:2    | Found a labyrinth entrance.
  5078 | Lab      | Entered a labyrinth
  5253 | Lab      | Noticed a minotaur
  5263 | Lab      | Killed a minotaur
  5272 | Lab      | Got a dull robe
  5291 | Orc:2    | Found a roughly hewn altar of Beogh.
  5335 | Orc:1    | Reached skill level 1 in Shields
  5347 | Orc:1    | Found Loanaenk's Distillery.
  5363 | Orc:1    | Bought a potion of resistance for 150 gold pieces
  5363 | Orc:1    | Bought a potion of lignification for 45 gold pieces
  5363 | Orc:1    | Bought 2 potions of heal wounds for 150 gold pieces
  5471 | Orc:2    | Found Jyci Zam's Jewellery Shoppe.
  5517 | Orc:2    | Found a roughly hewn altar of Beogh.
  5518 | Orc:2    | Found Elopuaru's Jewellery Boutique.
  5541 | Orc:2    | Bought the amulet "Cacog" {Reflect +Inv rC+ Int+6 SH+2} for 575 gold pieces
  5567 | Orc:2    | Found a roughly hewn altar of Beogh.
  5601 | Orc:2    | Reached skill level 5 in Shields
  5634 | Orc:2    | Found Pisigeh's Distillery.
  5638 | Orc:2    | Noticed a two-headed ogre
  5650 | Orc:2    | Bought a potion of might for 60 gold pieces
  5650 | Orc:2    | Bought a potion of agility for 60 gold pieces
  5650 | Orc:2    | Bought a potion of might for 60 gold pieces
  5670 | Orc:2    | Killed a two-headed ogre
  5711 | Orc:2    | Found a roughly hewn altar of Beogh.
  5730 | Orc:2    | Found a staircase to the Elven Halls.
  5758 | Orc:2    | Found a roughly hewn altar of Beogh.
  5780 | Orc:2    | Found Zykol's Assorted Antiques.
  5786 | Orc:2    | Bought a scroll labeled EFOJOCH QIMU for 28 gold pieces
  5864 | Orc:2    | Found a roughly hewn altar of Beogh.
  5952 | Orc:2    | Noticed a sun demon
  6026 | Orc:2    | Noticed an orc warlord
  6109 | Orc:2    | Killed an orc warlord
  6109 | Orc:2    | Reached XP level 13. HP: 38/101 MP: 20/20
  6116 | Orc:2    | Reached skill level 10 in Shields
  6125 | Orc:2    | Found Sepigoan's Antique Armour Boutique.
  6125 | Orc:2    | Found a roughly hewn altar of Beogh.
  6128 | Orc:2    | Found Wybli's Antique Weapon Shop.
  6133 | Orc:2    | Bought a pair of embroidered boots for 232 gold pieces
  6273 | Orc:1    | Found a burning altar of Makhleb.
  6748 | D:12     | Noticed Psyche
  6756 | D:12     | Killed Psyche
  7287 | D:13     | Noticed a yaktaur captain
  7293 | D:13     | Found a gate to the Vaults.
  7296 | D:13     | Killed a yaktaur captain
  7458 | D:14     | Reached skill level 10 in Fighting
  7458 | D:14     | Reached skill level 10 in Dodging
  7685 | D:14     | Reached XP level 14. HP: 110/110 MP: 21/21
  7687 | D:14     | Reached skill level 10 in Invocations
  7717 | D:14     | Noticed Agnes
  7720 | D:14     | Killed Agnes
  7794 | D:15     | Entered Level 15 of the Dungeon
  7794 | D:15     | Found a staircase to the Depths.
  7845 | D:15     | Reached skill level 10 in Armour
  7851 | D:15     | Noticed Rupert
  7875 | D:15     | Killed Rupert
  7928 | D:15     | Reached skill level 12 in Unarmed Combat
  8302 | Elf:1    | Entered Level 1 of the Elven Halls
  8502 | Elf:2    | Found Lythrula's Jewellery Boutique.
  8502 | Elf:2    | Found Mymeinla's Antique Weapon Boutique.
  8599 | Elf:2    | Found Sexoism's Antique Weapon Emporium.
  8636 | Elf:2    | Found a frozen archway.
  8647 | IceCv    | Entered an ice cave
  9220 | IceCv    | Reached XP level 15. HP: 78/117 MP: 16/22
  9280 | IceCv    | Learned a level 6 spell: Deflect Missiles
  9349 | Elf:2    | Noticed Saint Roka
  9371 | Elf:3    | Entered Level 3 of the Elven Halls
  9414 | Elf:3    | Noticed a deep elf sorcerer
  9415 | Elf:3    | Cast into level 2 of the Abyss (a deep elf sorcerer)
  9420 | Abyss:2  | jacquesderrida: DAGANG
  9439 | Abyss:2  | Gained mutation: Your magical capacity is low. (-10% MP) [a neqoxec]
  9440 | Abyss:2  | Gained mutation: You are frail. (-10% HP) [a neqoxec]
  9490 | Elf:3    | Escaped the Abyss
  9500 | Elf:3    | Killed a deep elf sorcerer
  9553 | Elf:3    | Noticed a deep elf blademaster
  9567 | Elf:3    | Killed a deep elf blademaster
  9568 | Elf:3    | Noticed a deep elf master archer
  9570 | Elf:3    | Shot with an arrow by a deep elf master archer

Vault maps used:
D:1:      dpeg_arrival_boxorama, minmay_tall_x
D:2:      lemuel_crystal_altar, grunt_ministairs_13, minmay_pentomino_w4,
          uniq_natasha, uniq_terence
D:3:      first_bread, uniq_iyjb
D:4:      lightli_ossuary_entry_decrepit_ruins, minmay_misc_feat_alley
D:5:      old_forge, minmay_temple_entry_grid
D:6:      serial_shops, nicolae_shop_behind_doors
D:8:      uniq_pikel, uniq_maurice
D:9:      enter_bailey_2
D:11:     due_lair_maze_entry_diamond, orc_0_dummy, basic_altar
D:12:     grunt_tengu_nest, uniq_psyche
D:13:     david_vaults_2, minmay_bent
D:14:     hangedman_abyss_or_decor_lesser_grid, uniq_agnes
D:15:     gammafunk_depths_entry_grave, minmay_misc_feat_pillars,
          nicolae_trove_entry_diagonal, uniq_kirke, uniq_rupert
Temple:   regret_index_temple_sigil_plot
Orc:1:    basic_altar, serial_shops, shop_fountains, nicolae_orc_rockfall,
          minmay_orc_barracks, uniq_erica, uniq_harold
Orc:2:    grunt_orc_community_town_hall, grunt_orc_community_big_house_2,
          grunt_orc_community_big_house_1, grunt_orc_community_house_3,
          grunt_orc_community_house_1, grunt_orc_community_house_2,
          grunt_orc_community_house_2, grunt_orc_community_house_2,
          serial_shops, nicolae_shop_statue_plus, nicolae_shop_window_shopping,
          lab_entry_generic
Elf:1:    evilmike_minifort
Elf:2:    portal_ice_cave_entry_pillars_1, serial_shops, shop,
          nicolae_shop_stone, nicolae_shop_waterfront, uniq_asterion,
          uniq_saint_roka
Elf:3:    minmay_elf_hall_dome, st_stairs_2, spider_trap, due_unseen_surprise
Abyss:2:  evilmike_abyss_exit_mutagenic
Lab:      nicolae_lab_flowing_pool, nicolae_lab_dead_end, labyrinth_fake_exit
Ossuary:  ossuary_due_pyramid
Bailey:   bailey_axe_minmay_hex_keep, bailey
IceCv:    ice_cave_caverns_02

Skill      XL: |  1  2  3  4  5  6  7  8  9 10 11 12 13 14 |
---------------+-------------------------------------------+-----
Unarmed Combat | 5 6 7 8 9 10 11 12 | 12.5
Fighting       | 2 3 4 6 7 8 9 10 | 10.7
Dodging        | 2 3 4 5 6 7 8 9 10 | 10.8
Invocations    | 1 2 3 4 5 6 7 8 9 10 | 10.0
Armour         | 3 4 7 8 9 10 | 10.5
Shields        | 9 10 | 10.1
Throwing       | |  1.5
Stealth        | |  2.6
Spellcasting   | |  3.2
Poison Magic   | |  1.5

Action                   |  1- 3 |  4- 6 |  7- 9 | 10-12 | 13-15 || total
-------------------------+-------+-------+-------+-------+-------++-------
Melee: Unarmed           |    46 |   295 |   322 |   667 |   948 ||  2278
       Bite              |     3 |    45 |    57 |   149 |   250 ||   504
       Punch             |     1 |    11 |    10 |    23 |       ||    45
Throw: Throwing net      |       |       |       |       |     1 ||     1
Invok: Slouch            |       |       |     1 |     7 |    14 ||    22
       Bend Time         |       |       |       |     3 |       ||     3
 Abil: Stop Flying       |       |       |       |       |     2 ||     2
       Evoke Flight      |       |       |       |       |     2 ||     2
Evoke: Wand              |     2 |     8 |     5 |     6 |     4 ||    25
  Use: Scroll            |     2 |     7 |     3 |    10 |    17 ||    39
       Potion            |     3 |     1 |       |     7 |     7 ||    18
 Stab: Sleeping          |     2 |     1 |       |       |       ||     3
       Confused          |     1 |     7 |     1 |     4 |       ||    13
       Distracted        |       |     1 |       |       |       ||     1
  Eat: Chunk             |       |     3 |     1 |    17 |       ||    21
       Royal jelly       |       |       |     1 |       |     2 ||     3
       Fruit             |       |       |       |       |     9 ||     9
Armor: Robe              |     3 |       |       |       |       ||     3
       Ring mail         |       |    52 |       |       |       ||    52
       Crystal plate arm |       |    17 |   294 |   231 |   334 ||   876
Dodge: Dodged            |    36 |   129 |   112 |   318 |   271 ||   866
Block: Shield            |       |       |       |   179 |   700 ||   879
       Reflection        |       |       |       |     4 |    14 ||    18
